[Event "IX Iberoamericano Championship 2023"]
[Site "Panama City"]
[Date "2023.11.27"]
[Round "2.15"]
[White "Ulloa, Ruben Abraham"]
[Black "Flores Quillas, Diego Saul Rodri"]
[Result "0-1"]
[ECO "A47"]
[WhiteElo "2150"]
[BlackElo "2414"]
[Annotator "RC"]
[PlyCount "182"]
[EventDate "2023.11.27"]
[EventType "swiss"]
[EventCountry "PAN"]
[SourceTitle "playchess.com"]
[Source "ChessBase"]
[SourceQuality "1"]
[TimeControl "5400+30"]

1. d4 Nf6 2. Nf3 e6 3. e3 c5 4. Bd3 b6 5. O-O Bb7 6. Nbd2 Be7 7. dxc5 bxc5 8. e4 d6 9. Re1 Nc6 10. c3 O-O 11. Nf1 Rb8 12. Ng3 Ba8 13. Qe2 Nd7 14. Bf4 Qb6 15. Rab1 Rfd8 16. Bg5 Bxg5 17. Nxg5 Nce5 18. Bc2 c4 19. b4 cxb3 20. axb3 Rbc8 21. c4 a5 22. Kh1 h6 23. Nh3 Nc6 24. f4 Nd4 25. Qf2 Qc5 26. Rbd1 e5 27. fxe5 dxe5 28. Nf5 Nxf5 29. Qxf5 Nf8 30. Rf1 Qc7 31. Nf2 Ne6 32. Ng4 Nd4 33. Qf2 Rb8 34. Rb1 Rb6 35. Ne3 Nxc2 36. Qxc2 Rd4 37. Qa2 Bxe4 38. Rb2 Rg6 39. Rbf2 Rd3 40. Qe2 Qb7 41. Nd5 Bxd5 42. cxd5 Qxd5 43. Rxf7 Rd2 44. Qf3 Qxf3 45. R7xf3 Rgxg2 46. Rh3 Rge2 47. Rg1 Kh7 48. Rc1 e4 49. Kg1 Rd3 50. Rh5 Rxb3 51. Rxa5 Rh3 52. Rc4 Rhxh2 53. Rxe4 Rxe4 54. Kxh2 g5 55. Ra6 Rf4 56. Kh3 Kg7 57. Kg3 Rf6 58. Ra8 h5 59. Ra7+ Kg6 60. Ra8 h4+ 61. Kg4 Rf4+ 62. Kh3 Rf3+ 63. Kg2 Rb3 64. Ra5 Kh5 65. Ra4 Rb5 66. Rc4 Rf5 67. Ra4 g4 68. Ra8 h3+ 69. Kg3 Rf3+ 70. Kh2 Kg5 71. Rg8+ Kf4 72. Rf8+ Ke3 73. Ra8 Rf2+ 74. Kg1 g3 75. Re8+ Kd2 76. Rd8+ Kc3 77. Rc8+ Kd4 78. Rd8+ Ke5 79. Re8+ Kd6 80. Rd8+ Ke7 81. Rd1 Re2 82. Ra1 Ke6 83. Ra6+ Ke5 84. Ra5+ Ke4 85. Ra4+ Kf3 86. Ra3+ Re3 87. Ra1 g2 88. Kh2 Kf2 89. Ra2+ Re2 90. Ra1 Re1 91. Ra2+ Kf1 0-1

[Event "IX Iberoamericano Championship 2023"]
[Site "Panama City"]
[Date "2023.11.27"]
[Round "2.16"]
[White "Ticona Rocabado, Licael Roderick"]
[Black "Esmeraldas Huachi, Anderson"]
[Result "0-1"]
[ECO "D20"]
[WhiteElo "2412"]
[BlackElo "2120"]
[Annotator "RC"]
[PlyCount "102"]
[EventDate "2023.11.27"]
[EventType "swiss"]
[EventCountry "PAN"]
[SourceTitle "playchess.com"]
[Source "ChessBase"]
[SourceQuality "1"]
[TimeControl "5400+30"]

1. d4 d5 2. c4 dxc4 3. e4 Nf6 4. Nc3 e5 5. d5 b5 6. Bg5 b4 7. Na4 h6 8. Bxf6 Qxf6 9. Bxc4 Qg6 10. Bb5+ Bd7 11. Bxd7+ Nxd7 12. Qf3 Nf6 13. Rc1 Qxe4+ 14. Qxe4 Nxe4 15. Rxc7 Bd6 16. Rc6 Kd7 17. Ne2 Rhc8 18. Ra6 Nc5 19. Nxc5+ Rxc5 20. Ng3 Rxd5 21. Nf5 Bc5 22. Ke2 Bb6 23. Rc1 g6 24. Ne3 Rc5 25. Rxc5 Bxc5 26. Nd5 Rc8 27. Nf6+ Ke7 28. f3 Bd4 29. Nd5+ Kf8 30. Nxb4 Rc4 31. a3 Bxb2 32. Nc6 Rc2+ 33. Kd3 Rxg2 34. Rxa7 Rxh2 35. a4 h5 36. a5 Bd4 37. Ra8+ Kg7 38. f4 Rh3+ 39. Ke4 Rh4 40. Kf3 Rxf4+ 41. Kg2 Re4 42. a6 Re2+ 43. Kf3 Re3+ 44. Kg2 Ra3 45. Kh2 g5 46. Ne7 g4 47. Kg2 Kf6 48. Nd5+ Kg5 49. Rg8+ Kh4 50. Nf6 Ra2+ 51. Kf1 Rf2+ 0-1

[Event "IX Iberoamericano Championship 2023"]
[Site "Panama City"]
[Date "2023.11.27"]
[Round "2.17"]
[White "Riquelme Quintero, Eduard Radames"]
[Black "Rodriguez Vila, Andres"]
[Result "0-1"]
[ECO "A21"]
[WhiteElo "1863"]
[BlackElo "2405"]
[Annotator "RC"]
[PlyCount "46"]
[EventDate "2023.11.27"]
[EventType "swiss"]
[EventCountry "PAN"]
[SourceTitle "playchess.com"]
[Source "ChessBase"]
[SourceQuality "1"]
[TimeControl "5400+30"]

1. c4 e5 2. Nc3 Bb4 3. Nd5 Bc5 4. Nf3 c6 5. b4 Bxf2+ 6. Kxf2 cxd5 7. cxd5 e4 8. Bb2 Nf6 9. Ne5 O-O 10. Qb3 d6 11. Nc4 Nxd5 12. Qg3 f6 13. Qxd6 b5 14. Qxd8 Rxd8 15. Na3 Nc6 16. Nxb5 Rb8 17. e3 Ndxb4 18. Bc4+ Kh8 19. Bc3 Ne5 20. Be2 Nbd3+ 21. Kg3 Rxb5 22. Rhb1 Rbd5 23. Rb8 Nc6 0-1

[Event "IX Iberoamericano Championship 2023"]
[Site "Panama City"]
[Date "2023.11.27"]
[Round "2.18"]
[White "Castillo Beitia, Ashley Alexandra"]
[Black "Ynojosa Aponte, Felix Jose"]
[Result "0-1"]
[ECO "D43"]
[WhiteElo "1830"]
[BlackElo "2393"]
[Annotator "RC"]
[PlyCount "78"]
[EventDate "2023.11.27"]
[EventType "swiss"]
[EventCountry "PAN"]
[SourceTitle "playchess.com"]
[Source "ChessBase"]
[SourceQuality "1"]
[TimeControl "5400+30"]

1. d4 Nf6 2. c4 e6 3. Nf3 d5 4. Nc3 c6 5. Bg5 h6 6. Bh4 dxc4 7. a4 Bb4 8. e3 b5 9. Be2 Bb7 10. O-O a6 11. Qc2 Nbd7 12. Rad1 Qa5 13. Ne5 Nxe5 14. Bxf6 gxf6 15. dxe5 fxe5 16. Bf3 f5 17. g4 Bxc3 18. bxc3 Rf8 19. gxf5 exf5 20. Rd6 Rd8 21. Re6+ Kd7 22. Rxe5 Kc7 23. Be2 Kb8 24. Rc1 Qc7 25. Rxf5 c5 26. f3 Rg8+ 27. Kh1 Qg7 28. Bxc4 bxc4 29. e4 Rd3 30. Rf4 Rxc3 31. Rf8+ Rxf8 32. Qxc3 Qxc3 33. Rxc3 Rxf3 34. Rxc4 Rf4 35. Rxc5 Rg4 36. h4 Rxh4+ 37. Kg1 Rxe4 38. a5 Rg4+ 39. Kh2 Rg5 0-1

[Event "IX Iberoamericano Championship 2023"]
[Site "Panama City"]
[Date "2023.11.27"]
[Round "3.1"]
[White "Henriquez Villagra, Cristobal"]
[Black "Sanchez Alvarez, Roberto Carlos"]
[Result "1-0"]
[ECO "B90"]
[WhiteElo "2630"]
[BlackElo "2437"]
[Annotator "TA"]
[PlyCount "75"]
[EventDate "2023.11.27"]
[EventType "swiss"]
[EventCountry "PAN"]
[SourceTitle "playchess.com"]
[Source "ChessBase"]
[SourceQuality "1"]
[TimeControl "5400+30"]

1. e4 c5 2. Nf3 d6 3. d4 cxd4 4. Nxd4 Nf6 5. Nc3 a6 6. h3 e5 7. Nb3 Be7 {[%emt 0:02:31] B90: Sicilian Najdorf: Unusual White 6th moves, 6 Be3 Ng4 and 6 Be3 e5.} 8. g4 h6 9. Be3 Nbd7 {[%emt 0:00:46] The position is equal. 9...b5 is more fashionable.} 10. a4 Nf8 11. Qd2 Be6 12. O-O-O Ng6 13. Kb1 $5 {[%emt 0:02:25][%mdl 4] A promising side line.} Rc8 14. f3 Nd7 15. Nd5 {[%emt 0:14:46] [#]} Bg5 $146 (15... Bxd5 $11 16. Qxd5 Qc7) ({Predecessor:} 15... Bxd5 16. Qxd5 Qc7 17. c3 O-O 18. Rh2 Rfd8 19. Qa5 Qb8 20. Rhd2 Nh4 21. Be2 Re8 {1-0 Kazimierski,T (2153)-Sciarretta,R (2128) LSS SA-2021-0-00782}) 16. Bxg5 $16 {[%emt 1:08:32] White stays focused until the end.} hxg5 17. Qb4 Bxd5 {[%mdl 64] Remove Defender} 18. Rxd5 Qc7 19. Rh2 {[%cal Bh1h2,Bh2d2,Bd2d6][%mdl 32] Active counter play!} Nc5 {[#]} 20. Rhd2 $1 Nxb3 21. Qxb3 Rd8 {...Nf4 would be deadly.} 22. Qb4 Nf4 ({Better is} 22... Rh6) 23. Rxd6 Rxd6 24. Rxd6 {aiming for Rb6.} O-O 25. c3 Rd8 (25... Ne6 $16 26. Rb6 Nc5) 26. Rxd8+ $18 Qxd8 {[%mdl 4096] Endgame [#] KQB-KQN} 27. Kc2 {Wards off Qd1+} Qd7 28. b3 Kh7 (28... b5 {is a better defense.}) 29. a5 Kg6 30. Bc4 Ng2 $2 (30... Kf6 31. Qc5 (31. Qb6+ Ke7 $16) 31... Ne6) 31. Qb6+ f6 32. Bd5 Ne1+ 33. Kd2 Nxf3+ 34. Ke2 Ng1+ (34... Qc8 $18) 35. Qxg1 Qb5+ 36. Kd2 Qxa5 37. b4 Qa3 38. Qc1 {[%emt 0:00:00] Weighted Error Value: White=0.23 (precise) /Black=0.59} 1-0

[Event "IX Iberoamericano Championship 2023"]
[Site "Panama City"]
[Date "2023.11.27"]
[Round "3.2"]
[White "De La Riva Aguado, Oscar"]
[Black "Cori, Jorge"]
[Result "1/2-1/2"]
[ECO "C45"]
[WhiteElo "2437"]
[BlackElo "2626"]
[Annotator "TA"]
[PlyCount "42"]
[EventDate "2023.11.27"]
[EventType "swiss"]
[EventCountry "PAN"]
[SourceTitle "playchess.com"]
[Source "ChessBase"]
[SourceQuality "1"]
[TimeControl "5400+30"]

1. e4 e5 2. Nf3 Nc6 3. d4 exd4 4. Nxd4 Bc5 5. Nb3 Bb4+ 6. c3 Be7 7. Bd3 {[%emt 0:16:25] C45: Scotch Game.} Nf6 8. O-O d5 9. exd5 Qxd5 10. Bf4 Bg4 $1 11. Be2 {[%emt 0:00:05] [#]} Bxe2 $146 (11... Qxd1 {simplifies} 12. Bxd1 O-O-O 13. Bxg4+ Nxg4 14. N1d2 Nge5) ({Predecessor:} 11... Qxd1 12. Bxd1 O-O-O 13. N1d2 h5 14. h4 Nd5 15. Bg3 Bxd1 {½-½ Lehaci,M (2212)-Efremov,V (2273) Novi Sad TS Mix 227th 2021 (2)}) 12. Qxe2 O-O-O 13. N1d2 Rhe8 {[%emt 0:00:30][%cal Oe7a3] Strongly threatening ...Ba3!} 14. Qf3 g5 {[%emt 0:00:30] [#] ...Qxf3 is the strong threat.} (14... Qxf3 {simplifies} 15. Nxf3 Nd5 16. Bg3 a5) 15. Bg3 h5 {[%emt 0:00:30] ...h4 would be deadly.} (15... a5 {simplifies} 16. a4 Qxf3 17. Nxf3 Nd7) 16. h4 gxh4 17. Bxh4 Ne5 18. Qf5+ Ned7 (18... Nfd7 $11 19. Bxe7 (19. Qxh5 $2 {perishes.} Rh8 $19 {[%mdl 64] Skewer}) 19... Rxe7) 19. Qf3 Ne5 20. Qf5+ Ned7 21. Qf3 Ne5 {[%emt 0:00:30] Weighted Error Value: White=0.17 (very precise) /Black=0.11 (very precise)} 1/2-1/2

[Event "IX Iberoamericano Championship 2023"]
[Site "Panama City"]
[Date "2023.11.27"]
[Round "3.3"]
[White "Mareco, Sandro"]
[Black "Duran Vega, Sergio"]
[Result "1-0"]
[ECO "B31"]
[WhiteElo "2606"]
[BlackElo "2392"]
[Annotator "TA"]
[PlyCount "47"]
[EventDate "2023.11.27"]
[EventType "swiss"]
[EventCountry "PAN"]
[SourceTitle "playchess.com"]
[Source "ChessBase"]
[SourceQuality "1"]
[TimeControl "5400+30"]

1. e4 c5 2. Nf3 Nc6 3. Bb5 g6 4. O-O Bg7 5. c3 e5 6. d4 cxd4 7. cxd4 exd4 8. Bf4 Nge7 9. Bd6 {[%emt 0:00:32][%mdl 1024] White has compensation.} a6 {[%emt 0:01:59] B31: Sicilian: 2...Nc6 3 Bb5 g6.} 10. Bd3 (10. Bc4 $5 ) 10... O-O 11. Nbd2 Re8 (11... b6 $14) 12. a4 {[%emt 0:19:05] White has more active pieces.} b6 (12... h6 $16 {was worth a try.}) 13. Bc4 ({White should try} 13. Ng5 $18 {[%cal Og5f7] And now Nxf7! would win.} Ne5 14. f4) 13... h6 $2 {[%emt 0:05:07] [#]} (13... Na5 $16) 14. Bxf7+ $1 $18 {[%emt 0:17:35][%mdl 576] Decoy} Kxf7 15. Qb3+ Kf8 $2 {[%emt 0:04:43] [#]} (15... Nd5 16. Rfe1 (16. Qxd5+ Re6 $16) 16... Bb7) 16. Ng5 $1 {[%emt 0:00:15][%mdl 512] White is clearly winning.} hxg5 {[%emt 0:17:20] [#]} 17. f4 $1 g4 18. f5 {[%emt 0:00:15] [#] White took control after the opening. Artfully played by Mareco.   Weighted Error Value: White=0.13 (very precise) /Black=0.97} {Predecessor:} Be5 $146 19. fxg6+ Kg7 20. Qf7+ Kh6 21. Qh7+ Kg5 22. h4+ gxh3 23. Nf3+ Kf4 24. Qh4+ {1-0 Faibisovich,V (2431)-Kucypera,A (2242) Krakow op-A 2003 (2)} 1-0

[Event "IX Iberoamericano Championship 2023"]
[Site "Panama City"]
[Date "2023.11.27"]
[Round "3.4"]
[White "Flores Quillas, Diego Saul Rodri"]
[Black "Hernandez Guerrero, Gilberto"]
[Result "1/2-1/2"]
[ECO "B80"]
[WhiteElo "2414"]
[BlackElo "2527"]
[Annotator "RC"]
[PlyCount "62"]
[EventDate "2023.11.27"]
[EventType "swiss"]
[EventCountry "PAN"]
[SourceTitle "playchess.com"]
[Source "ChessBase"]
[SourceQuality "1"]
[TimeControl "5400+30"]

1. e4 c5 2. Nf3 e6 3. d4 cxd4 4. Nxd4 Nc6 5. Nc3 Qc7 6. g3 a6 7. Bg2 Nf6 8. O-O d6 9. Re1 Rb8 10. Nxc6 bxc6 11. Na4 Be7 12. c4 c5 13. b3 O-O 14. Bb2 Nd7 15. f4 Bb7 16. Qe2 Bc6 17. Nc3 Bf6 18. Rac1 Bd4+ 19. Kh1 Rfe8 20. Nd1 a5 21. Qd2 Qb6 22. Nf2 e5 23. Nd3 Re7 24. Bc3 Ra8 25. Re2 h6 26. Rb1 Nf6 27. Bxd4 exd4 28. Nf2 Qb7 29. Qd3 Rae8 30. Rbe1 Nd7 31. Kg1 Qb4 1/2-1/2

[Event "IX Iberoamericano Championship 2023"]
[Site "Panama City"]
[Date "2023.11.27"]
[Round "3.5"]
[White "Almeida Quintana, Omar"]
[Black "Soto, Miguel Angel"]
[Result "1-0"]
[ECO "A48"]
[WhiteElo "2509"]
[BlackElo "2359"]
[Annotator "RC"]
[PlyCount "97"]
[EventDate "2023.11.27"]
[EventType "swiss"]
[EventCountry "PAN"]
[SourceTitle "playchess.com"]
[Source "ChessBase"]
[SourceQuality "1"]
[TimeControl "5400+30"]

1. d4 Nf6 2. Nf3 g6 3. Bf4 Bg7 4. e3 O-O 5. h3 c5 6. Nbd2 b6 7. a4 Nc6 8. c3 Bb7 9. Be2 d5 10. O-O Nd7 11. Qb3 e5 12. dxe5 Ndxe5 13. Rfd1 Qe7 14. Nxe5 Nxe5 15. Nf3 Nd7 16. a5 c4 17. Qa4 Nc5 18. Qb4 Qe6 19. Nd4 Qf6 20. Qb5 Ne6 21. Nxe6 Qxe6 22. Bg4 Qc6 23. Qxc6 Bxc6 24. Bd6 Rfe8 25. Bf3 Rad8 26. Bxd5 Bxd5 27. Rxd5 bxa5 28. Raxa5 Bf8 29. Bxf8 Kxf8 30. Rxd8 Rxd8 31. Rxa7 Rd1+ 32. Kh2 Rd2 33. Kg3 h5 34. h4 Rxb2 35. Rc7 Rc2 36. Rxc4 Kg7 37. Rc6 Kf8 38. e4 Ke7 39. f3 Kd7 40. Rc4 Ke6 41. Kh3 Ke5 42. Rc7 f5 43. exf5 gxf5 44. Rc5+ Kf6 45. Kg3 Ke6 46. c4 Rc3 47. Kf4 Rc2 48. g3 Rc3 49. Re5+ 1-0

[Event "IX Iberoamericano Championship 2023"]
[Site "Panama City"]
[Date "2023.11.27"]
[Round "3.6"]
[White "Rodriguez Vila, Andres"]
[Black "Berdayes Ason, Dylan Isidro"]
[Result "1/2-1/2"]
[ECO "B40"]
[WhiteElo "2405"]
[BlackElo "2507"]
[Annotator "RC"]
[PlyCount "92"]
[EventDate "2023.11.27"]
[EventType "swiss"]
[EventCountry "PAN"]
[SourceTitle "playchess.com"]
[Source "ChessBase"]
[SourceQuality "1"]
[TimeControl "5400+30"]

1. e4 c5 2. Nc3 e6 3. Nf3 Nc6 4. g3 d5 5. Bg2 d4 6. Ne2 e5 7. d3 Be7 8. O-O h5 9. h3 h4 10. g4 Be6 11. c3 f6 12. b4 b6 13. bxc5 bxc5 14. cxd4 cxd4 15. Qa4 Bd7 16. Bd2 g5 17. Rfc1 Rc8 18. Rc4 Nh6 19. Rac1 Qb6 20. Qd1 Nf7 21. Rb1 Qd8 22. Nc1 O-O 23. Nb3 Be6 24. Rc2 Qd7 25. Ne1 Nb4 26. Rcb2 Na6 27. Nc2 Rb8 28. Na5 Qa4 29. Rxb8 Rxb8 30. Rxb8+ Nxb8 31. Qb1 Nd7 32. Nc4 Nd6 33. N2a3 Nb6 34. Nxb6 axb6 35. Bb4 Kf7 36. Bxd6 Bxd6 37. Nc4 Bc5 38. Nxb6 Qxa2 39. Qxa2 Bxa2 40. Nd5 Bb1 41. Bf1 Ba3 42. Kg2 Bc1 43. Kf3 Bd2 44. Ke2 Ba5 45. Kd1 Ba2 46. Kc2 Bxd5 1/2-1/2

[Event "IX Iberoamericano Championship 2023"]
[Site "Panama City"]
[Date "2023.11.27"]
[Round "3.7"]
[White "Cuenca Jimenez, Jose Fernando"]
[Black "Ortiz Verdezoto, Anahi"]
[Result "1/2-1/2"]
[ECO "E15"]
[WhiteElo "2505"]
[BlackElo "2175"]
[Annotator "RC"]
[PlyCount "149"]
[EventDate "2023.11.27"]
[EventType "swiss"]
[EventCountry "PAN"]
[SourceTitle "playchess.com"]
[Source "ChessBase"]
[SourceQuality "1"]
[TimeControl "5400+30"]

1. d4 Nf6 2. c4 e6 3. Nf3 b6 4. g3 Ba6 5. b3 Bb7 6. Bg2 Bb4+ 7. Bd2 a5 8. a3 Bxd2+ 9. Qxd2 O-O 10. O-O d6 11. Qc2 c5 12. Rd1 cxd4 13. Rxd4 Qe7 14. Nc3 Na6 15. Ng5 Bxg2 16. Kxg2 h6 17. Nge4 d5 18. cxd5 exd5 19. Nxf6+ Qxf6 20. Rad1 Nc7 21. Nxd5 Nxd5 22. Rxd5 Rac8 23. Qd3 Qb2 24. a4 Rc3 25. Qe4 Qxb3 26. R1d4 Rcc8 27. Rb5 Qa2 28. Qf3 Rce8 29. e3 Re6 30. Rf5 Re7 31. g4 Rfe8 32. Qd5 Qxd5+ 33. Rfxd5 Rc7 34. Kf3 Re6 35. h4 Rec6 36. h5 g6 37. hxg6 Rxg6 38. Kg3 Rc3 39. Rf4 Rc7 40. Re4 Kg7 41. Red4 Rc3 42. Rf4 Rc7 43. Kh4 Rgc6 44. Rdf5 Rc4 45. Rxf7+ Rxf7 46. Rxc4 Rxf2 47. Rc7+ Kg8 48. Rc6 Rh2+ 49. Kg3 Ra2 50. Rxh6 Rxa4 51. Rxb6 Kg7 52. Ra6 Ra1 53. Kf4 a4 54. e4 a3 55. Kg5 a2 56. Ra7+ Kf8 57. Kg6 Rg1 58. Rxa2 Rxg4+ 59. Kf5 Rh4 60. Ra8+ Ke7 61. Ra7+ Ke8 62. e5 Rh6 63. Rg7 Ra6 64. Rh7 Rb6 65. Rh2 Ra6 66. Rd2 Rc6 67. Kg5 Rb6 68. Rf2 Ke7 69. Kf5 Ra6 70. Rb2 Rc6 71. Rb7+ Ke8 72. Ke4 Ra6 73. Kd5 Rh6 74. e6 Rh1 75. Rb8+ 1/2-1/2

[Event "IX Iberoamericano Championship 2023"]
[Site "Panama City"]
[Date "2023.11.27"]
[Round "3.8"]
[White "Ynojosa Aponte, Felix Jose"]
[Black "Miranda Mesa, Elier"]
[Result "1/2-1/2"]
[ECO "B10"]
[WhiteElo "2393"]
[BlackElo "2490"]
[Annotator "RC"]
[PlyCount "53"]
[EventDate "2023.11.27"]
[EventType "swiss"]
[EventCountry "PAN"]
[SourceTitle "playchess.com"]
[Source "ChessBase"]
[SourceQuality "1"]
[TimeControl "5400+30"]

1. e4 c6 2. c4 d5 3. cxd5 cxd5 4. exd5 Nf6 5. Bb5+ Nbd7 6. Nc3 a6 7. Bxd7+ Qxd7 8. Qb3 Qg4 9. Kf1 b5 10. Nf3 e6 11. d4 Qf5 12. Bg5 Nxd5 13. Nxd5 Qxd5 14. Qxd5 exd5 15. Nd2 Bd6 16. f3 Bf5 17. Kf2 Rc8 18. Rac1 Kd7 19. Nb3 Rc4 20. Nc5+ Bxc5 21. dxc5 Kc6 22. b3 Rxc5 23. Be3 Rxc1 24. Rxc1+ Kd7 25. Bf4 Rc8 26. Rxc8 Kxc8 27. b4 1/2-1/2

[Event "IX Iberoamericano Championship 2023"]
[Site "Panama City"]
[Date "2023.11.27"]
[Round "3.9"]
[White "Roselli Mailhe, Bernardo"]
[Black "Espinosa Veloz, Ermes"]
[Result "0-1"]
[ECO "D59"]
[WhiteElo "2364"]
[BlackElo "2478"]
[Annotator "RC"]
[PlyCount "76"]
[EventDate "2023.11.27"]
[EventType "swiss"]
[EventCountry "PAN"]
[SourceTitle "playchess.com"]
[Source "ChessBase"]
[SourceQuality "1"]
[TimeControl "5400+30"]

1. d4 d5 2. c4 e6 3. Nc3 Nf6 4. Bg5 Be7 5. e3 O-O 6. Nf3 h6 7. Bh4 b6 8. cxd5 Nxd5 9. Bxe7 Qxe7 10. Nxd5 exd5 11. Rc1 Be6 12. Qa4 c5 13. Qa3 Rc8 14. Be2 Qf8 15. dxc5 bxc5 16. O-O Nd7 17. Rc2 Rcb8 18. Qa5 Bf5 19. Rd2 Nf6 20. b3 Qd6 21. Bd3 Bxd3 22. Rxd3 Qb6 23. Qa4 a5 24. Rc1 Qa6 25. Rdd1 Rb4 26. Qa3 Qe2 27. Rd2 Qb5 28. Rdc2 Nd7 29. Rd1 a4 30. Rxd5 Qb7 31. Rxd7 axb3 32. Qc1 Qxd7 33. axb3 Rxb3 34. Rxc5 Qb7 35. Nd2 Rba3 36. Nf1 Ra1 37. Qc4 Rd8 38. Rc7 Rxf1+ 0-1

[Event "IX Iberoamericano Championship 2023"]
[Site "Panama City"]
[Date "2023.11.27"]
[Round "3.10"]
[White "Esmeraldas Huachi, Anderson"]
[Black "Matamoros Franco, Carlos S."]
[Result "1/2-1/2"]
[ECO "A53"]
[WhiteElo "2120"]
[BlackElo "2455"]
[Annotator "RC"]
[PlyCount "26"]
[EventDate "2023.11.27"]
[EventType "swiss"]
[EventCountry "PAN"]
[SourceTitle "playchess.com"]
[Source "ChessBase"]
[SourceQuality "1"]
[TimeControl "5400+30"]

1. d4 Nf6 2. c4 d6 3. Nc3 Nbd7 4. e4 e5 5. d5 Nc5 6. f3 a5 7. Be3 Be7 8. g4 Nfd7 9. Nge2 h5 10. gxh5 Bh4+ 11. Ng3 Nf6 12. h6 g5 13. Qd2 Rxh6 1/2-1/2

[Event "IX Iberoamericano Championship 2023"]
[Site "Panama City"]
[Date "2023.11.27"]
[Round "3.11"]
[White "Zambrana, Osvaldo"]
[Black "Cabezas Solano, David Alejandro"]
[Result "1-0"]
[ECO "B96"]
[WhiteElo "2400"]
[BlackElo "2171"]
[Annotator "RC"]
[PlyCount "59"]
[EventDate "2023.11.27"]
[EventType "swiss"]
[EventCountry "PAN"]
[SourceTitle "playchess.com"]
[Source "ChessBase"]
[SourceQuality "1"]
[TimeControl "5400+30"]

1. e4 c5 2. Nf3 d6 3. d4 cxd4 4. Nxd4 Nf6 5. Nc3 a6 6. Bg5 e6 7. Qe2 Nbd7 8. O-O-O Qc7 9. f4 b5 10. g4 b4 11. Nd5 exd5 12. exd5+ Be7 13. Nc6 Nb8 14. Bxf6 gxf6 15. Bg2 Nxc6 16. dxc6 Ra7 17. f5 a5 18. Bd5 Kd8 19. Qe4 Ba6 20. Qd4 Rg8 21. Rhe1 Bb5 22. Bxf7 Rf8 23. Bd5 Ra6 24. Re6 Kc8 25. g5 Qa7 26. Qe4 Bd8 27. Rxd6 Bc7 28. Qe7 Bxd6 29. Be6+ Kb8 30. Qxd6+ 1-0

[Event "IX Iberoamericano Championship 2023"]
[Site "Panama City"]
[Date "2023.11.27"]
[Round "3.12"]
[White "Lombardo Batista, Elias"]
[Black "Mendez Machado, Andre"]
[Result "0-1"]
[ECO "A20"]
[WhiteElo "1755"]
[BlackElo "2096"]
[Annotator "RC"]
[PlyCount "51"]
[EventDate "2023.11.27"]
[EventType "swiss"]
[EventCountry "PAN"]
[SourceTitle "playchess.com"]
[Source "ChessBase"]
[SourceQuality "1"]
[TimeControl "5400+30"]

1. c4 e5 2. g3 Nf6 3. Bg2 c6 4. d4 e4 5. Nc3 Bb4 6. Bg5 d5 7. cxd5 cxd5 8. Qb3 Bxc3+ 9. bxc3 Nbd7 10. Nh3 h6 11. Bc1 O-O 12. Ba3 Re8 13. e3 Nb6 14. Nf4 Nc4 15. h4 Bg4 16. Bc1 Qd7 17. Rb1 b6 18. Qb5 Qf5 19. Bh3 Bxh3 20. Nxh3 a6 21. Qb3 Rec8 22. Nf4 Rc6 23. Qd1 Rac8 24. Rg1 h5 25. Kf1 Nd6 26. Nxh5 0-1

[Event "IX Iberoamericano Championship 2023"]
[Site "Panama City"]
[Date "2023.11.27"]
[Round "3.13"]
[White "Portal Ramos, Cristhian"]
[Black "Leal Escamilla, Daniel Zinedine"]
[Result "1-0"]
[ECO "C47"]
[WhiteElo "2085"]
[BlackElo "1748"]
[Annotator "RC"]
[PlyCount "76"]
[EventDate "2023.11.27"]
[EventType "swiss"]
[EventCountry "PAN"]
[SourceTitle "playchess.com"]
[Source "ChessBase"]
[SourceQuality "1"]
[TimeControl "5400+30"]

1. e4 e5 2. Nf3 Nc6 3. d4 exd4 4. Nxd4 Nf6 5. Nc3 Bb4 6. Nxc6 bxc6 7. Bd3 O-O 8. O-O Re8 9. Qf3 d5 10. exd5 Bxc3 11. bxc3 cxd5 12. Bg5 c6 13. Rae1 Be6 14. Qg3 Kf8 15. Bxh7 Qd7 16. Bxf6 gxf6 17. Qh4 Kg7 18. Re3 Rh8 19. Rg3+ Kf8 20. Qh6+ Ke7 21. Rf3 f5 22. Re1 Qd6 23. Rxf5 Kd7 24. Rg5 Rab8 25. g3 Qc5 26. Rg7 Rhe8 27. Bf5 Bxf5 28. Rxf7+ Re7 29. Rfxe7+ Qxe7 30. Rxe7+ Kxe7 31. Qc1 Ke6 32. f3 c5 33. g4 Bg6 34. Qe3+ Kd7 35. Qxc5 Rb1+ 36. Kf2 Rb2 37. Qxd5+ Ke7 38. Qc5+ Ke8 1-0

[Event "IX Iberoamericano Championship 2023"]
[Site "Panama City"]
[Date "2023.11.27"]
[Round "3.14"]
[White "Bogantes Robleto, Karina"]
[Black "Gonzalez Ochoa, Yoana"]
[Result "0-1"]
[ECO "E43"]
[WhiteElo "1739"]
[BlackElo "2085"]
[Annotator "RC"]
[PlyCount "102"]
[EventDate "2023.11.27"]
[EventType "swiss"]
[EventCountry "PAN"]
[SourceTitle "playchess.com"]
[Source "ChessBase"]
[SourceQuality "1"]
[TimeControl "5400+30"]

1. d4 Nf6 2. c4 e6 3. Nc3 Bb4 4. e3 O-O 5. Bd3 d5 6. a3 Bxc3+ 7. bxc3 b6 8. Ne2 Bb7 9. O-O Nbd7 10. f3 c5 11. cxd5 exd5 12. Ng3 Re8 13. Bd2 Nf8 14. Qe1 Ne6 15. Qf2 Qd7 16. a4 Bc6 17. a5 Bb5 18. Bxb5 Qxb5 19. Rfb1 Qc6 20. Qf1 c4 21. Qd1 b5 22. Qc2 Nc7 23. Re1 h5 24. h4 Qd6 25. Kf2 g6 26. Ne2 Rab8 27. Ng1 Na6 28. Nh3 b4 29. e4 bxc3 30. Qxc3 Rb3 31. e5 Qb8 32. Qc1 Nh7 33. Kg1 Nf8 34. Ng5 Nb4 35. Bxb4 Qxb4 36. Qf4 Qe7 37. Qf6 Ne6 38. Nxe6 Qxf6 39. exf6 fxe6 40. Rab1 Reb8 41. Rxb3 cxb3 42. Rb1 Kf7 43. Kf2 Kxf6 44. Ke3 Kf5 45. g3 b2 46. Kd2 Rb3 47. Ke2 a6 48. Kf2 e5 49. dxe5 Kxe5 50. Ke2 Kd4 51. g4 Ke5 0-1

[Event "IX Iberoamericano Championship 2023"]
[Site "Panama City"]
[Date "2023.11.27"]
[Round "3.15"]
[White "Camargo Silva, Samir"]
[Black "Gutierrez Espinosa, Karen"]
[Result "0-1"]
[ECO "B18"]
[WhiteElo "1616"]
[BlackElo "2059"]
[Annotator "RC"]
[PlyCount "114"]
[EventDate "2023.11.27"]
[EventType "swiss"]
[EventCountry "PAN"]
[SourceTitle "playchess.com"]
[Source "ChessBase"]
[SourceQuality "1"]
[TimeControl "5400+30"]

1. e4 c6 2. d4 d5 3. Nc3 dxe4 4. Nxe4 Bf5 5. Ng3 Bg6 6. Nf3 Nd7 7. Be2 e6 8. O-O Ngf6 9. c3 Bd6 10. Bg5 O-O 11. Nh4 Qc7 12. Qd2 Nd5 13. c4 Bf4 14. Bxf4 Nxf4 15. Nxg6 Nxe2+ 16. Qxe2 hxg6 17. Rfd1 Nf6 18. Ne4 Rad8 19. Rac1 Qf4 20. Nxf6+ gxf6 21. Qe3 Qh4 22. h3 Rd7 23. Rd3 Rfd8 24. Rcd1 Kg7 25. Kf1 c5 26. f4 cxd4 27. Rxd4 Rxd4 28. Rxd4 Rxd4 29. Qxd4 e5 30. Qf2 Qh5 31. fxe5 fxe5 32. Kg1 Qd1+ 33. Kh2 Qd6 34. Qe3 b6 35. g4 e4+ 36. Kg2 Qe5 37. b3 g5 38. Kf2 f6 39. Ke2 Qh2+ 40. Ke1 Qg2 41. Qe2 Qg3+ 42. Kd1 e3 43. Qd3 Qf3+ 44. Kc1 Qh1+ 45. Kb2 Qh2+ 46. Kc1 Qh1+ 47. Kc2 Qxh3 48. Qd7+ Kh6 49. Qf7 Qxg4 50. Qxf6+ Kh5 51. Qh8+ Kg6 52. Qg8+ Kf5 53. Qf7+ Ke4 54. Qd5+ Kf4 55. Qd6+ Kf3 56. Qf6+ Qf4 57. Qxf4+ gxf4 0-1